 Dungeon Crawl Stone Soup version 0.20.1-1-g8b1a95d (webtiles) character file.

251 Nattfarinn the Covert (level 6, -1/28 HPs)
             Began as a Vine Stalker Enchanter on Aug 1, 2017.
             Killed by divine providence
             ... invoked by an orc priest
              (6 damage)
             ... on level 3 of the Dungeon.
             The game lasted 00:10:39 (3670 turns).

Nattfarinn the Covert (Vine Stalker Enchanter)      Turns: 3670, Time: 00:10:39

Health: -1/28      AC:  4    Str: 11    XL:     6   Next: 13%
Magic:  0/10       EV: 12    Int: 15    God:
Gold:   76         SH:  0    Dex: 16    Spells: 8/9 levels left

rFire    . . .     SeeInvis .   a - +1 dagger
rCold    . . .     Gourm    .   (no shield)
rNeg     + . .     Faith    .   b - +0 robe
rPois    .         Spirit   +   l - +0 helmet
rElec    .         Reflect  .   r - +0 cloak
rCorr    .         Harm     .   (no gloves)
MR       .....                  (no boots)
Stlth    ++++......             (no amulet)
Regen    0.5/turn               n - ring of positive energy
MPRegen  0.2/turn               (no ring)

@: no status effects
A: fangs 2, regeneration 1, magic shield, antimagic bite, no potion heal 3, rot
immunity
a: no special abilities


You were on level 3 of the Dungeon.
You were not hungry.

You visited 1 branch of the dungeon, and saw 3 of its levels.

You collected 76 gold pieces.

Inventory:

Hand Weapons
 a - a +1 dagger (weapon)
 i - a -2 dagger
 u - a +2 quarterstaff of chaos
Missiles
 m - 133 stones (quivered)
Armour
 b - a +0 robe (worn)
 g - a +0 chain mail
 l - a +0 helmet (worn)
 q - a +0 scale mail
 r - a +0 cloak (worn)
Jewellery
 n - a ring of positive energy (left hand)
 t - a +2 amulet of reflection {unknown}
Wands
 s - a wand of confusion (44/48)
Scrolls
 e - a scroll of amnesia {unknown}
 h - a scroll of noise {unknown}
 j - 2 scrolls of identify {unknown}
 k - a scroll of recharging {unknown}
 o - a scroll of remove curse
 p - 2 scrolls of enchant weapon {unknown}
Books
 c - a book of Maledictions

   Spells                             Type                      Level
   a - Corona                         Hexes                        1
   b - Ensorcelled Hibernation        Hexes/Ice                    2
   c - Confuse                        Hexes                        3
   d - Tukima's Dance                 Hexes                        3
   e - Dazzling Spray                 Conjuration/Hexes            3
Comestibles
 d - 2 bread rations


   Skills:
 - Level 0.8 Short Blades
 - Level 1.5 Dodging
 + Level 8.6 Stealth
 - Level 2.1 Spellcasting
 - Level 3.0 Hexes


You had 8 spell levels left.
You knew the following spells:

 Your Spells              Type           Power        Failure   Level  Hunger
a - Corona                Hex            ##.....      6%          1    #......


Dungeon Overview and Level Annotations

Branches:
Dungeon (3/15)

Altars:
Cheibriados
Gozag
Nemelex Xobeh

Annotations:
D:3 seventhblaze's ghost, amateur DsNe


Innate Abilities, Weirdness & Mutations

You have extremely sharp teeth.
Your natural rate of healing is unusually fast.
When hurt, damage is shared between your health and your magic reserves.
Your bite disrupts and absorbs the magic of your enemies.
Potions cannot restore your health.
You are immune to rotting.


Message History

You are too injured to fight recklessly!
You are too injured to fight recklessly!
You are too injured to fight recklessly!
You are too injured to fight recklessly!
You are too injured to fight recklessly!
You are too injured to fight recklessly!
You closely miss the orc priest.
The orc priest is lightly wounded.
The orc priest mumbles some strange prayers to Beogh against you.
Beogh smites you!
* * * LOW HITPOINT WARNING * * *
You hit the orc priest.
The orc priest is moderately wounded.
The orc priest closely misses you.
You closely miss the orc priest. You bite the orc priest. You drain its power.
You feel invigorated.
The orc priest is heavily wounded.
The orc priest mumbles some strange prayers to Beogh against you.
Beogh smites you!
You die...

#....# #......###
#....# #.........
#....# #......###
#....# #...)..#
#....# #......#
#...## #......#
#...# ########
#.### #@# #o##
#..#
##.###############
#.....o...........
#.....#...#.#...#.
#......#.#...#.#..
#...#...#.....#
#....#..#.....#


You could see an orc priest.

Vanquished Creatures
  An orc priest (D:3)
  Crazy Yiuf (D:2)
  2 orc wizards (D:3)
  Robin (D:3)
  2 adders
  An ooze (D:3)
  A worm (D:3)
  3 dart slugs
  2 leopard geckos
  6 orcs (D:3)
  4 giant cockroaches
  21 goblins
  5 hobgoblins
  13 jackals
  A quokka (D:2)
  A ball python (D:1)
  5 bats
  A frilled lizard (D:3)
  7 kobolds
  10 rats
88 creatures vanquished.

Notes
Turn   | Place    | Note
-------+----------+-------------------------------------------
     0 | D:1      | Nattfarinn the Vine Stalker Enchanter began the quest for the Orb.
     0 | D:1      | Reached XP level 1. HP: 9/9 MP: 4/4
    66 | D:1      | Reached skill level 4 in Stealth
   360 | D:1      | Reached XP level 2. HP: 13/13 MP: 6/6
   541 | D:1      | Reached skill level 5 in Stealth
   767 | D:1      | Reached XP level 3. HP: 16/16 MP: 5/7
  1297 | D:2      | Found an opulent altar of Gozag.
  1533 | D:2      | Reached skill level 6 in Stealth
  1535 | D:2      | Gained mutation: Your natural rate of healing is unusually fast. [Vine Stalker growth]
  1535 | D:2      | Reached XP level 4. HP: 17/21 MP: 6/8
  1643 | D:2      | Found a sparkling altar of Nemelex Xobeh.
  1687 | D:2      | Found a snail-covered altar of Cheibriados.
  1908 | D:2      | Found a runed door.
  2318 | D:3      | Noticed Robin
  2483 | D:3      | Killed Robin
  2492 | D:3      | Reached skill level 7 in Stealth
  2753 | D:3      | Reached XP level 5. HP: 24/24 MP: 9/9
  2769 | D:3      | Found a faded altar of an unknown god.
  2921 | D:3      | Noticed seventhblaze's ghost (amateur DsNe)
  3073 | D:3      | HP: 1/24 [orc priest/divine providence (10)]
  3342 | D:2      | Noticed Crazy Yiuf
  3350 | D:2      | Killed Crazy Yiuf
  3350 | D:2      | Reached skill level 8 in Stealth
  3511 | D:3      | Reached XP level 6. HP: 24/28 MP: 8/10
  3670 | D:3      | Killed from afar by an orc priest

Skill      XL: |  1  2  3  4  5 |
---------------+----------------+-----
Stealth        | 4 5 6 7 8 |  8.6
Short Blades   | |  0.8
Dodging        | |  1.5
Spellcasting   | |  2.1
Hexes          | |  3.0

Action                   |  1- 3 |  4- 6 || total
-------------------------+-------+-------++-------
Melee: Dagger            |   166 |   283 ||   449
       Bite              |    30 |    61 ||    91
  Use: Potion            |       |     5 ||     5
       Scroll            |       |     1 ||     1
 Stab: Sleeping          |       |     4 ||     4
  Eat: Chunk             |     2 |       ||     2
       Meat ration       |       |     2 ||     2
Armor: Chain mail        |   129 |    94 ||   223
       Scale mail        |       |    26 ||    26
       Robe              |       |     3 ||     3
Dodge: Dodged            |    42 |    75 ||   117
